 Dungeon Crawl Stone Soup version 0.25-a0-523-g9afb2ee040 (webtiles) character file.

Game seed: 17705081388647156363, levelgen mode: deterministic

12387 Flugslaktarn the Cleaver (level 11, -13/102 HPs)
             Began as a Deep Dwarf Fighter on Feb 18, 2020.
             Was a High Priest of Makhleb.
             Mangled by an ice devil (16 damage)
             ... on level 12 of the Dungeon.
             The game lasted 00:06:18 (6893 turns).

Flugslaktarn the Cleaver (Deep Dwarf Fighter)       Turns: 6893, Time: 00:06:19

Health: -13/102    AC:  7    Str: 26      XL:     11   Next: 61%
Magic:  0/0        EV:  7    Int:  6      God:    Makhleb [*****.]
Gold:   610        SH: 12    Dex:  9 (12) Spells: 10/10 levels left

rFire    . . .     SeeInvis .   a - +1 war axe
rCold    . . .     Gourm    .   c - +0 kite shield
rNeg     . . .     Faith    .   g - +0 chain mail
rPois    .         Spirit   .   (helmet restricted)
rElec    .         Reflect  .   (no cloak)
rCorr    .         Harm     .   (no gloves)
MR       ++...                  (no boots)
Stlth    ..........             (no amulet)
HPRegen  0.00/turn              r - +3 ring of strength
MPRegen  0.07/turn              s - -3 ring of intelligence (curse)

@: non-regenerating
A: damage resistance, heal wounds, horns 1, deformed body, magic resistance 1,
sense surroundings 2, no regeneration
a: Heal Wounds, Minor Destruction, Lesser Servant of Makhleb, Major Destruction,
Greater Servant of Makhleb, Renounce Religion


You were on level 12 of the Dungeon.
You worshipped Makhleb.
Makhleb was extremely pleased with you.
You were hungry.

You visited 2 branches of the dungeon, and saw 13 of its levels.
You also visited: Sewer.

You collected 610 gold pieces.

Inventory:

Hand Weapons
 a - a +1 war axe (weapon)
Missiles
 m - 4 throwing nets (quivered)
Armour
 c - a +0 kite shield (worn)
 g - a +0 chain mail (worn)
   (You took it off an orc on level 3 of the Dungeon)
 j - a +2 helmet
   (You found it on level 2 of the Dungeon)
Jewellery
 i - an uncursed ring of see invisible
   (You found it on level 2 of the Dungeon)
 r - a +3 ring of strength (left hand)
   (You found it on level 9 of the Dungeon)
 s - a cursed -3 ring of intelligence (right hand)
   (You found it on level 8 of the Dungeon)
Scrolls
 b - 2 scrolls of enchant armour
 l - 2 scrolls of immolation
 t - 5 scrolls of teleportation
 v - 2 scrolls of remove curse
 x - 3 scrolls of fog
 y - a scroll of fear
 z - 2 scrolls of blinking
 C - 2 scrolls of magic mapping
Potions
 f - 5 potions of brilliance
 h - 2 potions of stabbing {unknown}
 k - a potion of lignification {unknown}
 n - a potion of resistance
 o - 2 potions of flight
 q - 5 potions of curing
 u - 2 potions of haste {unknown}
 w - 5 potions of heal wounds
 A - 2 potions of ambrosia
 B - 2 potions of magic {unknown}
Comestibles
 e - 25 rations


   Skills:
 + Level 7.7 Fighting
 * Level 12.0 Axes
 + Level 9.2 Armour
 + Level 9.1 Shields
 + Level 9.3 Invocations


You had 10 spell levels left.
You didn't know any spells.
Your spell library was empty.

Dungeon Overview and Level Annotations

Branches:
Dungeon (12/15)            Temple (1/1) D:4            Lair (0/6) D:11
  Sewer (visited)
    Orc: D:9-12

Altars:
Hepliaklqana
Kikubaaqudgha
Makhleb
Nemelex Xobeh
Qazlal
Ru
Trog
Uskayaw
Vehumet
Wu Jian
Yredelemnul
Zin
The Shining One

Shops:
D:4 (   D:8 *   D:9 %%[=   D:11 (

Portals:
Ice
Cave: D:12

Annotations:
D:6 3 runed translucent doors, derval's ghost, novice DEIE
D:7 2 runed translucent doors, LostGamesStreakFreak's ghost, novice CeAM


Innate Abilities, Weirdness & Mutations

You are resistant to damage.
You can heal yourself by infusing magical energy.
You passively map the area around you.
You do not regenerate.
You have a pair of small horns on your head.
Armour fits poorly on your strangely shaped body.
You are resistant to hostile enchantments. (MR+)


Message History

The ice devil hits you but does no damage.
You hit the ice devil.
The ice devil is heavily wounded.
The ice devil hits you!
* * * LOW HITPOINT WARNING * * *
The ice devil freezes you!
* * * LOW HITPOINT WARNING * * *
You slash the ice devil! You headbutt the ice devil.
The ice devil is almost dead.
You block the ice devil's attack.
You feel much better. The ice devil hits you.
* * * LOW HITPOINT WARNING * * *
The ice devil freezes you!!
* * * LOW HITPOINT WARNING * * *
You hit the ice devil.
The ice devil is almost dead.
The ice devil hits you.
* * * LOW HITPOINT WARNING * * *
The ice devil freezes you!!
You die...

, , * * #*##.......# , ,
####** #. #.......# . ,
#..∩ #..#####'###.. * ,,
#... ,*#............. ,
... , #............. *
,.., *#.......####.. , *
#. * #######.# # , *
*#.,* ##4## #.# #.. #..@#
#.# * #..###+#'# #.#
#........# #.# *
#.......## #.# *
#.......# #.###### ,
........# #....... , ,
........##########.......
, ,,
###......................
* #......................


You could see an ice devil.

Vanquished Creatures
  Harold (D:7)
  Erica (D:9)
  4 two-headed ogres
  An unseen horror (D:11)
  An ugly thing (D:11)
  Joseph (D:7)
  Grum (D:10)
  2 wyverns
  A hungry ghost (D:10)
  A steam dragon (D:8)
  2 wargs (D:11)
  A water moccasin (D:9)
  5 orc warriors
  6 ice beasts
  4 sky beasts
  2 phantoms
  3 ogres
  4 wolves (D:10)
  9 centaurs
  A crocodile (D:8)
  2 big kobolds
  6 bullfrogs
  A gnoll sergeant (D:7)
  A wyvern zombie (D:10)
  2 scorpions
  5 killer bees (D:9)
  A howler monkey (D:4)
  4 crimson imps
  5 jellies
  3 quasits
  A centaur zombie (D:7)
  A bullfrog skeleton (D:8)
  9 orc wizards
  12 orc priests
  6 hounds
  A centaur skeleton (D:5)
  Terence (D:2)
  4 iguanas
  14 worker ants
  2 hound skeletons
  2 worker ant zombies
  14 gnolls
  A howler monkey skeleton (D:5)
  13 adders
  11 river rats
  3 shadow imps
  An ooze (D:2)
  An adder skeleton (D:10)
  A worm (D:2)
  3 leopard geckos
  41 orcs
  11 ball pythons
  7 giant cockroaches
  2 goblins
  7 hobgoblins
  26 jackals
  3 quokkas
  3 bats
  3 frilled lizards (Sewer)
  2 jackal skeletons
  7 kobolds
  22 rats
316 creatures vanquished.

Vanquished Creatures (others)
  A gnoll (D:8)
  A jackal (D:8)
2 creatures vanquished.

Grand Total: 318 creatures vanquished

Notes
Turn   | Place    | Note
-------+----------+-------------------------------------------
     0 | D:1      | Flugslaktarn the Deep Dwarf Fighter began the quest for the
                  | Orb.
     0 | D:1      | Reached XP level 1. HP: 20/20 MP: 1/1
   124 | D:2      | Reached XP level 2. HP: 22/27 MP: 2/2
   235 | D:2      | Reached skill level 3 in Axes
   235 | D:2      | Reached XP level 3. HP: 25/33 MP: 3/3
   264 | D:2      | Found an ornate altar of the Wu Jian Council.
   265 | D:2      | Found a hide-covered altar of Uskayaw.
   270 | D:2      | Found a basalt altar of Yredelemnul.
   292 | D:2      | Noticed Terence
   300 | D:2      | Killed Terence
   377 | D:2      | Reached XP level 4. HP: 27/42 MP: 4/4
   419 | D:3      | Reached skill level 4 in Axes
   419 | D:3      | Reached XP level 5. HP: 45/49 MP: 3/3
   758 | D:4      | Found a staircase to the Ecumenical Temple.
   765 | Temple   | Entered the Ecumenical Temple
   775 | Temple   | Became a worshipper of Makhleb the Destroyer
   820 | D:4      | Found Xeawn's Weapon Shop.
   823 | D:4      | Found a glowing drain.
   845 | Sewer    | Entered a sewer
   888 | Sewer    | Reached XP level 6. HP: 37/56 MP: 3/3
   953 | Sewer    | Reached skill level 1 in Invocations
  1030 | Sewer    | Reached * piety under Makhleb
  1038 | Sewer    | Reached skill level 5 in Axes
  1160 | Sewer    | Reached ** piety under Makhleb
  1170 | Sewer    | Reached XP level 7. HP: 48/63 MP: 4/4
  1716 | D:5      | Entered Level 5 of the Dungeon
  1804 | D:5      | Reached skill level 5 in Armour
  1847 | D:5      | Reached skill level 6 in Axes
  1847 | D:5      | Reached skill level 5 in Shields
  1988 | D:5      | Found a hazy altar of Hepliaklqana.
  2372 | D:6      | Reached XP level 8. HP: 62/73 MP: 6/6
  2465 | D:6      | Reached *** piety under Makhleb
  2465 | D:6      | Reached skill level 7 in Axes
  2491 | D:6      | Found a runed translucent gate.
  2491 | D:6      | Found a runed translucent gate.
  2491 | D:6      | Found a runed translucent gate.
  2504 | D:6      | Found a radiant altar of Vehumet.
  2536 | D:6      | Found a sacrificial altar of Ru.
  2589 | D:6      | Reached skill level 5 in Fighting
  2664 | D:6      | Found a glowing silver altar of Zin.
  2678 | D:6      | Reached skill level 8 in Axes
  2678 | D:6      | Reached skill level 5 in Invocations
  2781 | D:6      | Found a bloodstained altar of Trog.
  2850 | D:6      | Noticed derval's ghost (novice DEIE)
  2972 | D:7      | Gained mutation: You passively map the area around you.
                  | [Deep Dwarf growth]
  2972 | D:7      | Reached XP level 9. HP: 58/81 MP: 3/3
  2977 | D:7      | Noticed Harold
  3006 | D:7      | Killed Harold
  3128 | D:7      | Reached skill level 9 in Axes
  3253 | D:7      | Reached **** piety under Makhleb
  3409 | D:7      | Noticed Joseph
  3447 | D:7      | Killed Joseph
  3464 | D:7      | Found a glowing golden altar of the Shining One.
  3505 | D:7      | Found a large runed translucent door.
  3505 | D:7      | Found a large runed translucent door.
  3509 | D:7      | Noticed LostGamesStreakFreak's ghost (novice CeAM)
  3678 | D:8      | Reached XP level 10. HP: 64/91 MP: 2/4
  3817 | D:8      | Found Saaxzato's General Store.
  3842 | D:8      | Found a sparkling altar of Nemelex Xobeh.
  3927 | D:8      | Noticed a two-headed ogre
  3937 | D:8      | Killed a two-headed ogre
  3937 | D:8      | Reached skill level 10 in Axes
  3970 | D:8      | Noticed a two-headed ogre
  3982 | D:8      | Killed a two-headed ogre
  4492 | D:9      | Found Ydekhet's Armour Shoppe.
  4495 | D:9      | Found Tusenuge's Jewellery Emporium.
  4581 | D:9      | Found Wiopt's Food Emporium.
  4739 | D:9      | Found Fasasok's Food Boutique.
  4980 | D:9      | Noticed Erica
  5001 | D:9      | Killed Erica
  5027 | D:9      | Gained mutation: You occasionally shout uncontrollably at
                  | your foes. [potion of mutation]
  5027 | D:9      | Gained mutation: You have large cloven feet. [potion of
                  | mutation]
  5028 | D:9      | Lost mutation: You have large cloven feet. [potion of
                  | mutation]
  5028 | D:9      | Lost mutation: You occasionally shout uncontrollably at
                  | your foes. [potion of mutation]
  5028 | D:9      | Gained mutation: Armour fits poorly on your strangely
                  | shaped body. [potion of mutation]
  5028 | D:9      | Gained mutation: You have a pair of small horns on your
                  | head. [potion of mutation]
  5028 | D:9      | Gained mutation: You are resistant to hostile enchantments.
                  | (MR+) [potion of mutation]
  5093 | D:9      | Reached skill level 11 in Axes
  5441 | D:10     | Entered Level 10 of the Dungeon
  5588 | D:10     | Found an ornate altar of the Wu Jian Council.
  5671 | D:10     | Reached XP level 11. HP: 100/100 MP: 5/5
  5751 | D:10     | Noticed Grum
  5767 | D:10     | Noticed a two-headed ogre
  5782 | D:10     | Killed Grum
  5788 | D:10     | Killed a two-headed ogre
  5816 | D:10     | Reached ***** piety under Makhleb
  5953 | D:10     | Noticed a two-headed ogre
  5965 | D:10     | Killed a two-headed ogre
  6175 | D:11     | Noticed a purple ugly thing
  6188 | D:11     | Killed a purple ugly thing
  6482 | D:11     | Found a staircase to the Lair.
  6514 | D:11     | Found Fupeibe's Weapon Boutique.
  6787 | D:11     | Killed an unseen horror
  6787 | D:11     | Reached skill level 12 in Axes
  6877 | D:12     | Found a frozen archway.
  6884 | D:12     | HP: 3/102 [ice devil (15)]
  6893 | D:12     | HP: 3/102 [ice devil (4)]
  6893 | D:12     | Mangled by an ice devil

Levels and vault maps discovered:
D:1:      dpeg_arrival_connections, layout_loops_cross
D:2:      minmay_alternating_diamond, layout_loops_cross,
          gammafunk_temple_overflow_forgotten, nicolae_overflow_crystal_walls,
          lemuel_round_altar, uniq_terence
D:3:      minmay_wonky_spiral, layout_rooms, okawaru_ov_weapons_minmay,
          grunt_ministairs_2
D:4:      layout_loops_cross, minmay_temple_entry_wispy, portal_sewer_entry_b,
          serial_shops, nicolae_shop_stone, kennysheep_generic_room_15
D:5:      layout_basic, nicolae_overflow_hidden_temple, first_ration
D:6:      layout_cave_pools, lemuel_coloured_pillars_altar,
          overflow_temple_1_default, fiery_altar_vehumet, kennysheep_little_box,
          gammafunk_ghost_necromancy
D:7:      layout_cave_pools, marbit_many_paths, ebering_ghost_disaster_area,
          uniq_joseph, uniq_harold
D:8:      layout_basic, old_standard_altar, serial_shops, shop,
          blue_anna_alchemist [blue_anna_fruit_fields, blue_anna_fruit_fields],
          hex_medium
D:9:      layout_grid_maze, serial_shops, nicolae_shop_trees, shop,
          nicolae_shop_waterfront, shop_statue, uniq_erica
D:10:     layout_irregular_city, david_defended_altar_elf, uniq_grum
D:11:     layout_layer_cave, erik_lair_orcish_takeover, serial_shops,
          nicolae_shop_trees
D:12:     layout_irregular_city, david_orc_1_choice, enter_bailey_3,
          serial_shops, kennysheep_mini_moat, portal_ice_cave_demonic_guard,
          amethyst_killhole
Temple:   compressed_dpeg_triangle_lava_temple

Skill      XL: |  1  2  3  4  5  6  7  8  9 10 11 |
---------------+----------------------------------+-----
Axes           | 3 4 5 6 8 9 11 12 | 12.0
Fighting       | 3 4 5 6 7 |  7.7
Armour         | 4 5 6 7 8 9 |  9.2
Shields        | 4 5 6 7 8 9 |  9.1
Invocations    | 2 3 5 6 8 9 |  9.3

Action                   |  1- 3 |  4- 6 |  7- 9 | 10-12 || total
-------------------------+-------+-------+-------+-------++-------
Melee: War axe           |    57 |   203 |   409 |   490 ||  1159
       Headbutt          |       |       |       |    61 ||    61
 Abil: Heal Wounds       |     1 |    10 |    16 |    18 ||    45
  Use: Scroll            |       |       |    19 |     2 ||    21
       Potion            |       |       |     4 |     9 ||    13
  Eat: Chunk             |       |     2 |     9 |    11 ||    22
Armor: Scale mail        |    20 |   206 |     2 |       ||   228
       Chain mail        |       |       |   239 |   208 ||   447
Dodge: Dodged            |    14 |   131 |   118 |   145 ||   408
Block: Kite shield       |    33 |   201 |   269 |   330 ||   833

Table legend:
 A = Non-vault XP
 B = Vault XP
 C = Vault XP percentage of total XP
 D = Non-vault monster count
 E = Vault monster count
 F = Vault count percentage of total count
                 A         B        C        D         E       F
            +---------+---------+-------+---------+---------+-------
      Total |   13376 |    4321 |  24.4 |     241 |      76 |  24.0
            +---------+---------+-------+---------+---------+-------
        D:1 |       6 |       0 |   0.0 |       3 |       0 |   0.0
        D:2 |      36 |      55 |  60.4 |       9 |       5 |  35.7
        D:3 |     212 |       4 |   1.9 |      28 |       2 |   6.7
        D:4 |      65 |      51 |  44.0 |       7 |       5 |  41.7
        D:5 |     349 |       0 |   0.0 |      15 |       0 |   0.0
        D:6 |    1572 |       0 |   0.0 |      32 |       0 |   0.0
        D:7 |     824 |    1478 |  64.2 |      31 |       2 |   6.1
        D:8 |    3048 |      97 |   3.1 |      30 |       1 |   3.2
        D:9 |    1298 |     960 |  42.5 |      20 |       1 |   4.8
       D:10 |    2892 |     675 |  18.9 |      28 |       5 |  15.2
       D:11 |    3074 |     565 |  15.5 |      38 |       7 |  15.6
      Sewer |       0 |     436 | 100.0 |       0 |      48 | 100.0
            +---------+---------+-------+---------+---------+-------
